 Dungeon Crawl Stone Soup version 0.28-a0-1518-gbe868bca14 (webtiles) character file.

Game seed: 15858671152328368266

1518 sizableburger the Skirmisher (level 8, -2/88 HPs)
             Began as an Ogre Arcane Marksman on Jan 16, 2022.
             Slain by an orc warrior (8 damage)
             ... on level 6 of the Dungeon.
             The game lasted 00:23:28 (10376 turns).

sizableburger the Skirmisher (OgAM)                Turns: 10376, Time: 00:23:29

Health: -2/88      AC:  4    Str: 17    XL:     8   Next: 84%
Magic:  13/13      EV:  9    Int: 14    God:
Gold:   102        SH:  0    Dex:  9    Spells: 6/13 levels left

rFire   . . .      SeeInvis .   n - +0 whip
rCold   . . .      Faith    .   (no shield)
rNeg    + . .      Spirit   .   a - +1 robe
rPois   .          Reflect  .   (helmet restricted)
rElec   .          Harm     .   (no cloak)
rCorr   .          Rampage  .   (gloves unavailable)
Will    .....                   (boots unavailable)
Stlth   +.........              (no amulet)
HPRegen 0.24/turn               f - +4 ring of slaying
MPRegen 0.13/turn               o - ring of positive energy

@: confused, ambrosia-drunk
A: large, unfitting armour, tough skin 1
a: no special abilities


You were on level 6 of the Dungeon.
You visited 1 branch of the dungeon, and saw 6 of its levels.

You collected 306 gold pieces.
You spent 204 gold pieces at shops.

Inventory:

Hand Weapons
 e - a +0 morningstar
 m - a +0 flail
 n - a +0 whip (weapon)
Missiles
 c - 3 throwing nets (quivered)
Armour
 a - a +1 robe (worn)
 h - an orb of wrath
Jewellery
 f - a +4 ring of slaying (left hand)
 g - a ring of flight
 i - a ring of fire
 l - an amulet of faith
 o - a ring of positive energy (right hand)
Wands
 t - a wand of polymorph (5)
 u - a wand of paralysis (8)
 v - a wand of acid (8)
Scrolls
 d - a scroll of identify
 p - a scroll of teleportation {unknown}
 q - a scroll of fog
 w - a scroll of noise {unknown}
Potions
 j - 2 potions of magic
 k - a potion of curing
 r - a potion of haste {unknown}


   Skills:
 + Level 7.8 Fighting
 + Level 4.9 Maces & Flails
 - Level 5.4 Throwing
 - Level 1.7 Dodging
 - Level 1.0 Unarmed Combat
 + Level 3.3 Spellcasting
 - Level 4.0 Hexes


You had 6 spell levels left.
You knew the following spells:

 Your Spells              Type           Power      Damage    Failure   Level
a - Slow                  Hex            52%        N/A       4%          1
b - Inner Flame           Hex/Fire       7%         N/A       26%         3
c - Tukima's Dance        Hex            13%        N/A       12%         3

Your spell library contained the following spells:

 Spells                   Type           Power      Damage    Failure   Level
 Sting                    Tmut/Pois      8%         1d3       21%         1
 Portal Projectile        Hex/Tloc       14%        N/A       26%         3
 Poisonous Vapours        Pois/Air       4%         N/A       30%         2
 Scorch                   Fire           4%         2d5       30%         2
 Cause Fear               Hex            6%         N/A       36%         4
 Anguish                  Hex/Necr       3%         N/A       65%         4
 Flame Wave               Conj/Fire      2%         2d4       90%         4
 Olgreb's Toxic Radiance  Pois           2%         N/A       90%         4
 Summon Cactus Giant      Summ           1%         N/A       100%        6
 Enfeeble                 Hex            6%         N/A       100%        7


Dungeon Overview and Level Annotations

Branches:
Dungeon (6/15)
 Temple: D:4-7

Altars:
Ashenzari

Shops:
D:4 [   D:5 *


Innate Abilities, Weirdness & Mutations

You are too large for most types of armour.
You have tough skin. (AC +1)


Message History

The bolt of acid hits the bullfrog zombie.
The acid corrodes the bullfrog zombie!
The bullfrog zombie is lightly damaged.
The orc warrior hits you with a +0 war axe.
You hit the orc warrior.
The orc warrior is severely wounded.
The bullfrog zombie barely misses you.
The orc warrior hits you with a +0 war axe!
* * * LOW HITPOINT WARNING * * *
Aiming: Corrosive Bolt
Press: ? - help, Shift-Dir - straight line, f/p - orc warrior
Aim: an orc warrior, wielding a +0 war axe and wearing a +0 plate armour (severely wounded, covered in acid, 71% to hit)
The bolt of acid hits the orc warrior!
The orc warrior is almost dead.
The bullfrog zombie hits you.
* * * LOW HITPOINT WARNING * * *
An orc priest comes into view. It is wielding a +0 hand axe.
The orc warrior hits you with a +0 war axe!
* * * LOW HITPOINT WARNING * * *
Aiming: Corrosive Bolt
Press: ? - help, Shift-Dir - straight line, f/p - orc warrior
Aim: an orc warrior, wielding a +0 war axe and wearing a +0 plate armour (almost dead, covered in acid, 71% to hit)
Okay, then.
You are confused.
You feel invigorated.
The bullfrog zombie hits you but does no damage.
The orc warrior closely misses you.
You bump into the metal wall.
The bullfrog zombie hits you.
* * * LOW HITPOINT WARNING * * *
The orc barely misses you.
An orc comes into view.
It is wielding a +0 club and quivering poisoned darts.
The bullfrog zombie hits you.
* * * LOW HITPOINT WARNING * * *
The orc warrior hits you with a +0 war axe!
* * * LOW HITPOINT WARNING * * *
You bump into the metal wall.
The orc hits you but does no damage.
The bullfrog zombie hits you but does no damage.
An orc comes into view. It is wielding a +0 mace.
The orc warrior hits you with a +0 war axe!
You die...

.........# ..##......##
.........# ##...###......#
.........###.l.###[.....#+#
#.....>..#((.###......###
#..oo..#(###......###
#.o..#(#......###
####.#......### #.ooZ..###
###@.### # #### #######
#...... #...... #......
#...... #...... ####...
###...##


You could see an orc warrior (corroded), an orc priest, 3 orcs and a bullfrog
zombie (corroded).

Vanquished Creatures
  Menkaure (D:4)
  Duvessa (D:3)
  A water moccasin (D:6)
  A necrophage (D:6)
  A sky beast (D:6)
  An ogre (D:4)
  A phantom (D:5)
  A bullfrog (D:6)
  A scorpion (D:5)
  A wyvern zombie (D:5)
  A water moccasin skeleton (D:5)
  Dowan (D:3)
  A howler monkey (D:6)
  A hound (D:2)
  An orc priest (D:2)
  2 centaur skeletons
  4 iguanas
  4 orc wizards
  3 gnolls (D:3)
  8 adders
  A white imp (D:5)
  An adder skeleton (D:5)
  A worm (D:4)
  6 dart slugs
  6 orcs
  9 ball pythons
  7 bats
  10 endoplasms
  5 giant cockroaches
  11 goblins
  6 hobgoblins
  6 jackals (D:1)
  A quokka (D:3)
  5 frilled lizards
  5 kobolds
  8 rats
124 creatures vanquished.

Vanquished Creatures (others)
  A bat (D:1)
  A fungus (D:1)
  9 plants (D:1)
11 creatures vanquished.

Grand Total: 135 creatures vanquished

Notes
Turn   | Place    | Note
-------+----------+-------------------------------------------
     0 | D:1      | sizableburger the Ogre Arcane Marksman began the quest for
                  | the Orb.
     0 | D:1      | Reached XP level 1. HP: 19/19 MP: 2/2
   195 | D:1      | Reached XP level 2. HP: 28/28 MP: 3/3
   208 | D:1      | Reached skill level 2 in Fighting
   423 | D:1      | Reached skill level 1 in Unarmed Combat
   518 | D:1      | Found a faded altar of an unknown god.
   549 | D:1      | Reached XP level 3. HP: 7/36 MP: 1/4
   790 | D:1      | Learned a level 3 spell: Inner Flame
  1785 | D:1      | Reached skill level 3 in Fighting
  2236 | D:2      | Reached XP level 4. HP: 45/45 MP: 3/5
  2333 | D:2      | Reached skill level 1 in Maces & Flails
  2747 | D:2      | Reached XP level 5. HP: 53/53 MP: 6/6
  4124 | D:3      | Found a broken altar of Ashenzari.
  4344 | D:3      | Reached skill level 4 in Fighting
  4768 | D:2      | Reached XP level 6. HP: 58/62 MP: 7/7
  5084 | D:3      | Learned a level 3 spell: Tukima's Dance
  5316 | D:4      | Noticed Menkaure
  5486 | D:4      | Noticed Duvessa
  5486 | D:4      | Noticed Dowan
  5601 | D:3      | Killed Duvessa
  6142 | D:3      | Killed Dowan
  6143 | D:3      | Reached XP level 7. HP: 34/71 MP: 1/8
  6548 | D:4      | Reached skill level 5 in Fighting
  6874 | D:4      | Killed Menkaure
  7117 | D:4      | Found Xestikug's Armour Emporium.
  7526 | D:5      | Entered Level 5 of the Dungeon
  7554 | D:5      | Reached skill level 6 in Fighting
  7554 | D:5      | Reached skill level 5 in Throwing
  8009 | D:5      | Reached XP level 8. HP: 68/83 MP: 9/9
  8404 | D:5      | Found Liamnan's Assorted Antiques.
  8413 | D:5      | Bought a short lead wand for 68 gold pieces
  8413 | D:5      | Bought a forked iron wand for 68 gold pieces
  8413 | D:5      | Bought a shiny bone wand for 68 gold pieces
  9302 | D:5      | Identified the -6 pair of boots "Goschya" {Int+5}
  9661 | D:6      | Reached skill level 7 in Fighting
 10375 | D:6      | HP: 3/88 [orc warrior (13)]
 10376 | D:6      | Slain by an orc warrior

Illustrated notes

Levels and vault maps discovered:
D:1:      shiori_arrival_oz, layout_loops_ring, serial_forest,
          infiniplex_forest_straight_4, infiniplex_forest_clump_diagonal,
          infiniplex_forest_3_way, infiniplex_forest_lined_2,
          infiniplex_forest_end_2, infiniplex_forest_clump_large,
          infiniplex_forest_lined_room_2, dreamdust_ecumenical_altar_grove
D:2:      layout_basic
D:3:      layout_basic, ashenzari_conservatory_becter,
          chequers_serial_rivers_small_b, hangedman_abyss_or_decor_lesser_grid
D:4:      layout_loops_ring, serial_shops, nicolae_inconvenience_store,
          uniq_duvessa, uniq_menkaure
D:5:      layout_layer_cave, serial_shops, nicolae_stop_n_shop_1
D:6:      minmay_razor_zed, layout_cave_pods, minmay_temple_entry_ruins

Skill      XL: |  1  2  3  4  5  6  7  8 |
---------------+-------------------------+-----
Fighting       | 2 3 4 6 7 |  7.8
Unarmed Combat | 1 |  1.0
Maces & Flails | 1 2 3 4 |  4.9
Throwing       | 3 4 5 |  5.4
Hexes          | 3 4 |  4.0
Spellcasting   | 3 |  3.3
Dodging        | |  1.7

Action                   |  1- 3 |  4- 6 |  7- 9 || total
-------------------------+-------+-------+-------++-------
Melee: Unarmed           |    87 |       |       ||    87
       Punch             |     4 |     2 |     4 ||    10
       Club              |   111 |   118 |       ||   229
       Whip              |       |    41 |   104 ||   145
       Morningstar       |       |       |    69 ||    69
Throw: Large rock        |     6 |     8 |     7 ||    21
       Throwing net      |       |     3 |     3 ||     6
 Cast: Slow              |    16 |    15 |    11 ||    42
       Tukima's Dance    |       |     1 |     2 ||     3
       Inner Flame       |       |       |     1 ||     1
Evoke: Wand              |       |       |     3 ||     3
  Use: Scroll            |       |     7 |     5 ||    12
       Potion            |       |       |     3 ||     3
 Stab: Sleeping          |     1 |       |       ||     1
       Held in net/web   |       |       |     1 ||     1
Armor: Robe              |    74 |    52 |    50 ||   176
Dodge: Dodged            |    98 |    95 |    62 ||   255

Table legend: (Time is in decaauts)
 A = Elapsed time spent in this place.
 B = Non-inter-level travel time spent in this place.
 C = Inter-level travel time spent in this place.
 D = Time resting spent in this place.
 E = Time spent auto-exploring this place.
 F = Levels seen in this place.
 G = Mean time per level.
                   A        B        C        D        E       F      G
               +--------+--------+--------+--------+--------+-----+--------+
         Total |  10473 |  10042 |    431 |   3469 |   4841 |   6 | 1745.5 |
       Dungeon |  10473 |  10042 |    431 |   3469 |   4841 |   6 | 1745.5 |
               +--------+--------+--------+--------+--------+-----+--------+

Top non-repeatable levels by time:
     D:2: 2158 daAuts
     D:3: 2143 daAuts
     D:1: 2103 daAuts
     D:5: 1896 daAuts
     D:4: 1211 daAuts
     D:6: 960 daAuts
